 Dungeon Crawl Stone Soup version 0.23-a0-350-g6fd5563 (webtiles) character file.

133 Garbasso the Caller (level 5, -8/30 HPs)
             Began as a Tengu Summoner on Oct 20, 2018.
             Was an Initiate of Sif Muna.
             Killed by divine providence
             ... invoked by an orc priest
              (12 damage)
             ... on level 3 of the Dungeon.
             The game lasted 00:12:16 (4491 turns).

Garbasso the Caller (Tengu Summoner)                Turns: 4491, Time: 00:12:16

Health: -8/30      AC:  2    Str:  8    XL:     5   Next: 16%
Magic:  2/9        EV: 16    Int: 19    God:    Sif Muna [......]
Gold:   144        SH:  0    Dex: 15    Spells: 2/8 levels left

rFire    . . .     SeeInvis .   l - +0 trident
rCold    . . .     Gourm    .   (no shield)
rNeg     . . .     Faith    .   a - +0 robe
rPois    .         Spirit   .   (helmet restricted)
rElec    .         Reflect  .   (no cloak)
rCorr    .         Harm     .   (no gloves)
MR       .....                  (boots unavailable)
Stlth    ++........             (no amulet)
HPRegen  0.10/turn              f - +3 ring of intelligence
MPRegen  0.11/turn              (no ring)

@: flying quickly and evasively, drained, quick
A: beak, talons 3, able to fly 1
a: Renounce Religion


You were on level 3 of the Dungeon.
You worshipped Sif Muna.
Sif Muna was noncommittal.
You were hungry.

You visited 1 branch of the dungeon, and saw 3 of its levels.

You collected 144 gold pieces.

Inventory:

Hand Weapons
 i - a +0 short sword of venom
 l - a +0 trident (weapon)
Armour
 a - a +0 robe (worn)
Jewellery
 f - a +3 ring of intelligence (left hand)
 g - an uncursed amulet of rage {unknown}
Scrolls
 b - 4 scrolls of identify {unknown}
 d - a scroll of teleportation {unknown}
 m - a scroll of remove curse {unknown}
 n - a scroll of enchant weapon {unknown}
Potions
 e - a potion of might {unknown}
 h - a potion of agility {unknown}
 j - a potion of magic {unknown}
Comestibles
 c - 7 rations


   Skills:
 + Level 2.0(1.8) Fighting
 + Level 3.2(2.9) Dodging
 - Level 2.0(1.7) Stealth
 + Level 2.4(2.1) Spellcasting
 * Level 6.1(5.9) Summonings


You had 2 spell levels left.
You knew the following spells:

 Your Spells              Type           Power        Failure   Level  Hunger
a - Summon Small Mammal   Summ           ###.         1%          1    #......
b - Call Imp              Summ           ###.....     2%          2    ##.....
c - Call Canine Familiar  Summ           ###.....     4%          3    ###....

Your spell library contained the following spells:

 Spells                   Type           Power        Failure   Level  Hunger
 Summon Guardian Golem    Hex/Summ       ##......     16%         3    ###....
 Summon Ice Beast         Ice/Summ       ##......     45%         4    #####..
 Summon Lightning Spire   Summ/Air       ##......     45%         4    #####..


Dungeon Overview and Level Annotations

Branches:
Dungeon (3/15)

Altars:
Elyvilon
Ru
Sif Muna
Wu Jian
Zin
The Shining One


Innate Abilities, Weirdness & Mutations

You have a beak for a mouth.
You have claws for feet.
You can fly.


Message History

You could not reach far enough!
The wight barely misses your crimson imp.
Your crimson imp hits the wight but does no damage.
Attack whom?
Press: ? - help, Dir - move target cursor, f/p - wight
Aim: a wight, wielding a +0 flail and wearing a +0 robe (moderately damaged)
You could not reach far enough!
The wight hits your crimson imp with a +0 flail.
Your crimson imp blinks!
The wight hits your crimson imp with a +0 flail!
The orc priest invokes the aid of Beogh against you.
Pain shoots through your body!
* * * LOW HITPOINT WARNING * * *
Your crimson imp hits the wight but does no damage.
The wight hits your crimson imp with a +0 flail.
The wight closely misses you.
Your crimson imp blinks!
The orc priest mumbles some strange prayers to Beogh against you.
Beogh smites you!
You die...

#..........###.<#.......(.#
##.##...............#####(######
#.##.####.##...###.# #.......#
###.##.# #......# #.# #.(####.#
.......# ######.###.####..####.#
###.#### #.. ..##...()...)#
#.####### #.# ####.#..(##..#
#.......# ##'## #.#.#.##..#
#######.# ##.@.## #.#.#.##..#
####.# ##.....## #.#.#.##..#
##.##.###..z..o.###.........#
##...#.##z........####..÷#####
#......†'§........'....)......
##...#.##.....5...##.....#####
##.#.##.###.......###.#...#
##.#.###.# ##.....## #...###
##.###.##.# ##...## ##.##


You could see 2 wights, an orc priest and a friendly crimson imp.

Vanquished Creatures
  An adder (D:2)
  2 dart slugs (D:1)
  2 leopard geckos
  A giant cockroach (D:2)
  3 goblins
  3 hobgoblins
  2 kobolds (D:1)
  A quokka (D:3)
  2 bats
  3 frilled lizards
  3 rats
23 creatures vanquished.

Vanquished Creatures (collateral kills)
  A wight (D:3)
  An orc priest (D:3)
  2 orc wizards (D:3)
  An adder (D:2)
  2 worms
  3 orcs (D:3)
  A bat (D:3)
  A giant cockroach (D:2)
  A goblin (D:1)
  7 hobgoblins
  4 frilled lizards
  3 kobolds
  A rat (D:3)
28 creatures vanquished.

Grand Total: 51 creatures vanquished

Notes
Turn   | Place    | Note
-------+----------+-------------------------------------------
     0 | D:1      | Garbasso the Tengu Summoner began the quest for the Orb.
     0 | D:1      | Reached XP level 1. HP: 10/10 MP: 4/4
   516 | D:1      | Reached skill level 5 in Summonings
   809 | D:1      | Found a glowing golden altar of the Shining One.
   846 | D:1      | Reached XP level 2. HP: 13/16 MP: 4/6
   850 | D:1      | Learned a level 2 spell: Call Imp
  1601 | D:1      | Reached skill level 1 in Fighting
  1714 | D:2      | Found a glowing golden altar of the Shining One.
  1715 | D:2      | Found a deep blue altar of Sif Muna.
  1715 | D:2      | Found an ornate altar of the Wu Jian Council.
  1715 | D:2      | Found a white marble altar of Elyvilon.
  1718 | D:2      | Found a glowing silver altar of Zin.
  1724 | D:2      | Became a worshipper of Sif Muna the Loreminder
  1742 | D:2      | Reached XP level 3. HP: 10/20 MP: 4/7
  2018 | D:2      | Learned a level 3 spell: Call Canine Familiar
  2392 | D:2      | Found a sacrificial altar of Ru.
  3224 | D:3      | Reached XP level 4. HP: 12/25 MP: 1/8
  3467 | D:3      | Reached skill level 6 in Summonings
  3467 | D:3      | Gained mutation: You can fly. [Tengu growth]
  3467 | D:3      | Reached XP level 5. HP: 7/30 MP: 1/9
  4491 | D:3      | Killed from afar by an orc priest

Vault maps used:
D:1:      saegor_arrival_miasma, tso_metal_star
D:2:      grunt_temple_overflow_open, hangedman_ru_absence

Skill      XL: |  1  2  3  4 |
---------------+-------------+-----
Summonings     | 5 6 |  6.1
Fighting       | 1 2 |  2.0
Dodging        | 3 |  3.2
Stealth        | |  2.0
Spellcasting   | |  2.4

Action                   |  1- 3 |  4- 6 || total
-------------------------+-------+-------++-------
Melee: Short sword       |    43 |     8 ||    51
       Peck              |     4 |     2 ||     6
       Kick              |     7 |     2 ||     9
       Unarmed           |     1 |       ||     1
       Trident           |       |     6 ||     6
 Cast: Summon Small Mamm |    19 |    10 ||    29
       Call Imp          |    14 |    10 ||    24
       Call Canine Famil |     1 |     2 ||     3
 Abil: Fly               |       |     2 ||     2
 Stab: Sleeping          |     4 |     1 ||     5
  Eat: Chunk             |     8 |     1 ||     9
       Ration            |       |     1 ||     1
Armor: Robe              |     5 |       ||     5
Dodge: Dodged            |    28 |    16 ||    44

Table legend:
 A = Non-vault XP
 B = Vault XP
 C = Vault XP percentage of total XP
 D = Non-vault monster count
 E = Vault monster count
 F = Vault count percentage of total count
                 A         B        C        D         E       F
            +---------+---------+-------+---------+---------+-------
      Total |     190 |       0 |   0.0 |      51 |       0 |   0.0
            +---------+---------+-------+---------+---------+-------
        D:1 |      33 |       0 |   0.0 |      20 |       0 |   0.0
        D:2 |      31 |       0 |   0.0 |      11 |       0 |   0.0
        D:3 |     126 |       0 |   0.0 |      20 |       0 |   0.0
            +---------+---------+-------+---------+---------+-------
